 Dungeon Crawl Stone Soup version 0.31.0-32-g396128a36d (webtiles) character file.

Game seed: 17684105396641500512

197 Marvel the Chopper (level 5, -4/46 HPs)
             Began as a Hill Orc Fighter on Mar 23, 2024.
             Was an Initiate of Beogh.
             Splashed by a jelly's acid (6 damage)
             ... on level 4 of the Dungeon.
             The game lasted 00:03:04 (2586 turns).

Marvel the Chopper (Hill Orc Fighter)               Turns: 2586, Time: 00:03:04

Health: -4/46      AC: -6    Str: 21    XL:     5   Next: 75%
Magic:  5/5        EV:  9    Int:  8    God:    Beogh [......]
Gold:   252        SH:  4    Dex: 10    Spells: 4/4 levels left

rFire   . . .        a - +0 war axe
rCold   . . .        c - +0 buckler
rNeg    . . .        b - +0 scale mail
rPois   .            (no helmet)
rElec   .            u - +1 cloak
rCorr   .            (no gloves)
SInv    .            (no boots)
Will    .....        q - amulet of faith Stlth
                     (no ring)
HPRegen 0.27/turn    (no ring)
MPRegen 0.09/turn

%: faith
@: corroded
A: no striking features
a: Renounce Religion


You were on level 4 of the Dungeon.
You worshipped Beogh.
Beogh was noncommittal.
You visited 1 branch of the dungeon, and saw 4 of its levels.

You collected 252 gold pieces.

Inventory:

Hand Weapons
 a - a +0 war axe (weapon)
Missiles
 m - 14 poisoned darts (quivered)
Armour
 b - a +0 scale mail (worn)
 c - a +0 buckler (worn)
 u - a +1 cloak (worn)
Jewellery
 o - a ring of magical power
 q - an amulet of faith (around neck)
Scrolls
 f - 4 scrolls of identify {unknown}
 h - 3 scrolls of vulnerability {unknown}
 i - a scroll of butterflies {unknown}
 p - a scroll of fear {unknown}
 r - a scroll of teleportation {unknown}
 s - a scroll of noise {unknown}
 t - a scroll of revelation {unknown}
Potions
 d - 3 potions of might
 e - 3 potions of heal wounds
 g - a potion of magic
 j - a potion of attraction {unknown}
 k - 3 potions of curing
 l - a potion of invisibility {unknown}
 n - 2 potions of cancellation {unknown}


   Skills:
 + Level 4.1 Fighting
 + Level 5.2 Axes
 + Level 4.5 Armour
 + Level 0.9 Dodging
 + Level 3.9 Shields


You had 4 spell levels left.
You didn't know any spells.
Your spell library contained the following spells:

 Spells                   Type           Power      Damage    Failure   Level
 Call Canine Familiar     Summ           0%         N/A       99%         3
 Fugue of the Fallen      Necr           0%         N/A       99%         3
 Hailstorm                Conj/Ice       0%         3d5       99%         3
 Ozocubu's Armour         Ice            0%         N/A       99%         3
 Sigil of Binding         Hex            0%         N/A       99%         3
 Summon Ice Beast         Ice/Summ       0%         N/A       99%         3
 Dimensional Bullseye     Hex/Tloc       0%         N/A       100%        4
 Manifold Assault         Tloc           0%         N/A       100%        4
 Sculpt Simulacrum        Ice/Alch       0%         N/A       100%        6


Dungeon Overview and Level Annotations

Branches:
Dungeon (4/15)             Temple (0/1) D:4

Altars:
Gozag

Shops:
D:1 =


Message History

No target in view!
A jelly comes into view.
The jelly quivers.
You hit the jelly. The acid corrodes you!
Your hands burn!
The jelly is lightly wounded.
The jelly barely misses you.
You barely miss the jelly.
The jelly is lightly wounded.
You block the jelly's attack. The jelly hits you.
You are splashed with acid.
You hit the jelly.
Your hands burn!
The jelly is heavily wounded.
The jelly hits you. The acid corrodes you!
You are splashed with acid!
You are too injured to fight recklessly!
You are too injured to fight recklessly!
You are too injured to fight recklessly!
You are too injured to fight recklessly!
You are too injured to fight recklessly!
You are too injured to fight recklessly!
You are too injured to fight recklessly!
You are too injured to fight recklessly!
You are too injured to fight recklessly!
You are too injured to fight recklessly!
You are too injured to fight recklessly!
You are too injured to fight recklessly!
You are too injured to fight recklessly!
You are too injured to fight recklessly!
You hit the jelly. The acid corrodes you!
Your hands burn!
The jelly is severely wounded.
The jelly closely misses you.
You hit the jelly but do no damage. The acid corrodes you!
Your hands burn!
The jelly is severely wounded.
The jelly hits you.
You are splashed with acid!
* * * LOW HITPOINT WARNING * * *
You hit the jelly.
Your hands burn!
* * * LOW HITPOINT WARNING * * *
The jelly is almost dead.
The jelly hits you.
* * * LOW HITPOINT WARNING * * *
The acid corrodes you!
You are splashed with acid.
You die...

#... #....#..............
##..###.........>.........
...........##......>......
.........#................
####....#...#............
##...#####....#.......
###.......#...##.......
##.$...........# ##....
.........@###..... #....
.###......J...... .####
#....##........
....#.##.##.....
...#.####.. ....> ...#.
#... ..#. .... ... $...
###


You could see a jelly.

Vanquished Creatures
  Crazy Yiuf (D:3)
  3 gnolls (D:2)
  8 adders
  3 dart slugs (D:2)
  5 orcs
  3 bats (D:1)
  11 endoplasms
  3 giant cockroaches
  2 goblins
  3 hobgoblins
  2 jackals (D:3)
  6 ball pythons
  2 frilled lizards
  5 kobolds
  4 rats
61 creatures vanquished.

Notes
Turn   | Place    | Note
-------+----------+-------------------------------------------
     0 | D:1      | Marvel the Hill Orc Fighter began the quest for the Orb.
     0 | D:1      | Reached XP level 1. HP: 19/19 MP: 1/1
   139 | D:1      | Reached XP level 2. HP: 27/27 MP: 2/2
   210 | D:1      | Reached skill level 3 in Axes
   320 | D:1      | Found Nudatz's Jewellery Boutique.
   667 | D:2      | Found an opulent altar of Gozag.
   693 | D:2      | Reached XP level 3. HP: 6/33 MP: 3/3
   733 | D:2      | Reached skill level 4 in Axes
   733 | D:2      | Reached XP level 4. HP: 18/40 MP: 4/4
  1067 | D:2      | Found a faded altar of an unknown god.
  1680 | D:3      | Reached XP level 5. HP: 39/46 MP: 5/5
  1865 | D:3      | Reached skill level 5 in Axes
  1903 | D:3      | Found a runed translucent door.
  1904 | D:3      | Noticed Crazy Yiuf
  2305 | D:3      | Killed Crazy Yiuf
  2561 | D:4      | Found a staircase to the Ecumenical Temple.
  2562 | D:4      | Became a worshipper of Beogh the Brigand
  2586 | D:4      | HP: 2/46 [jelly (3)]
  2586 | D:4      | Splashed by a jelly's acid

Illustrated notes

Levels and vault maps discovered:
D:1:      heliophobic_arrival_henge, layout_basic, serial_shops, shop,
          chequers_arboretum, minmay_heptomino_w4
D:2:      layout_loops_ring, shapermc_ecumenical_altar_notcrosses, basic_altar
D:3:      layout_loops_ring, uniq_crazy_yiuf_cottage
D:4:      layout_cave_pools, minmay_temple_entry_proselytizer

Skill      XL: |  1  2  3  4  5 |
---------------+----------------+-----
Axes           | 3 4 5 |  5.2
Fighting       | 4 |  4.1
Armour         | 4 |  4.5
Dodging        | |  0.9
Shields        | |  3.9

Action                     |  1- 3 |  4- 6 || total
---------------------------+-------+-------++-------
  Melee: War axe           |    78 |   124 ||   202
 Invoke: Convert to Beogh  |       |     1 ||     1
    Use: Potion            |     4 |       ||     4
 Armour: Scale mail        |    93 |    74 ||   167
  Dodge: Dodged            |    52 |    47 ||    99
  Block: Buckler           |    30 |    35 ||    65
